 Dungeon Crawl Stone Soup version 0.30.1-11-g7821555f0a (webtiles) character file.

Game seed: 7597890699663941154

86 lonewolfV2 the Trooper (level 4, -5/37 HPs)
             Began as a Formicid Fighter on Nov 16, 2023.
             Slain by an ogre
             ... wielding a +0 giant club
              (15 damage)
             ... on level 3 of the Dungeon.
             The game lasted 00:06:49 (1346 turns).

lonewolfV2 the Trooper (Formicid Fighter)           Turns: 1346, Time: 00:06:50

Health: -5/37      AC:  9    Str: 27    XL:     4   Next: 78%
Magic:  4/4        EV:  8    Int:  7    God:
Gold:   68         SH:  5    Dex: 15    Spells: 3/3 levels left

rFire   . . .        a - +0 war axe
rCold   + . .        c - +0 buckler
rNeg    . . .        g - +0 chain mail
rPois   .            (helmet unavailable)
rElec   .            (no cloak)
rCorr   .            (no gloves)
SInv    +            (no boots)
Will    .....        (no amulet) Stlth
                     l - +6 ring of strength
HPRegen 0.26/turn    m - ring of protection from cold
MPRegen 0.09/turn

%: no passive effects
@: mighty
A: permanent stasis, dig shafts and tunnels, antennae 3, four strong arms
a: Dig, Shaft Self


You were on level 3 of the Dungeon.
You visited 1 branch of the dungeon, and saw 3 of its levels.

You collected 68 gold pieces.

Inventory:

Hand Weapons
 a - a +0 war axe (weapon)
Armour
 b - a +0 scale mail
 c - a +0 buckler (worn)
 g - a +0 chain mail (worn)
Jewellery
 l - a +6 ring of strength (left hand)
 m - a ring of protection from cold (right hand)
Scrolls
 j - 2 scrolls of fog
 k - a scroll of fear
Potions
 e - a potion of heal wounds {unknown}
 f - a potion of invisibility {unknown}
 h - a potion of curing {unknown}
 i - a potion of flight {unknown}


   Skills:
 + Level 4.2 Fighting
 * Level 3.9 Axes
 - Level 3.2 Armour
 - Level 4.0 Shields


You had 3 spell levels left.
You didn't know any spells.
Your spell library contained the following spells:

 Spells                   Type           Power      Damage    Failure   Level
 Ensorcelled Hibernation  Hex/Ice        0%         N/A       98%         2
 Passwall                 Tmut/Erth      0%         N/A       98%         2
 Swiftness                Air            Unusable   N/A       N/A         3

Dungeon Overview and Level Annotations

Branches:
Dungeon (3/15)

Altars:

Shops:
D:1 (?


Innate Abilities, Weirdness & Mutations

You cannot be hasted, slowed, berserked, paralysed or teleported.
You can dig through walls and to a lower floor.
You have a pair of large antennae on your head. (SInv)
Your four strong arms can wield two-handed weapons with a shield.


Message History

You closely miss the orc.
The orc wizard hits you but does no damage.
The orc hits you but does no damage.
You slash the orc wizard!
You kill the orc wizard!
You slash the orc!
You kill the orc!
You slash the endoplasm!
You kill the endoplasm!
You see here a +0 war axe.
You sense a monster nearby.
A bat comes into view.
Found a whip.
A dart slug comes into view.
Found a sling.
The bat barely misses you.
You barely miss the bat. The bat hits you but does no damage.
The bat barely misses you.
An ogre comes into view. It is wielding a +0 giant club.
The ogre shouts!
You hear a shout!
You hear an angry hiss.
The bat hits you but does no damage.
You slash the bat!
You kill the bat!
An orc comes into view. It is wielding a +0 flail.
The dart slug launches a dart at you. The slug dart hits you.
You block the dart slug's attack.
You slash the dart slug!
The dart slug is severely wounded.
The dart slug launches a dart at you. The slug dart misses you.
You hit the dart slug.
You kill the dart slug!
You hit the ogre.
The ogre is lightly wounded.
The ogre hits you with a +0 giant club!!
Ouch! That really hurt!
* * * LOW HITPOINT WARNING * * *
You feel very mighty all of a sudden. The ogre hits you with a +0 giant club!
You die...

#......# .. #......#
... #......# ...##
#......# ..)..##
##.....)## .......
.........
.......###†.....#
......†.oO@....#
...##...#####.# ##
###.# #.# #. #)###
#.# ##. #.).# #.#
##..
###.###.#########<..
#...............#.
#####.#######>###.
#.# #.# #.


You could see an ogre and an orc.

Vanquished Creatures
  An orc wizard (D:3)
  An adder (D:3)
  A worm (D:2)
  4 dart slugs
  An orc (D:3)
  4 bats
  5 endoplasms
  A giant cockroach (D:1)
  7 goblins
  4 jackals
  2 quokkas
  4 ball pythons
  A frilled lizard (D:1)
  2 kobolds
  A rat (D:2)
39 creatures vanquished.

Notes
Turn   | Place    | Note
-------+----------+-------------------------------------------
     0 | D:1      | lonewolfV2 the Formicid Fighter began the quest for the
                  | Orb.
     0 | D:1      | Reached XP level 1. HP: 18/18 MP: 1/1
    44 | D:1      | Found Teostefo's Magic Scroll Boutique.
    48 | D:1      | Found Cuwneg's Weapon Shop.
   214 | D:1      | Reached XP level 2. HP: 24/24 MP: 2/2
   486 | D:1      | Reached XP level 3. HP: 30/30 MP: 3/3
   588 | D:1      | Found a faded altar of an unknown god.
   795 | D:2      | Identified the +7 sling "Zooqid" {flame, rPois rC+ Str-3
                  | SInv}
  1232 | D:3      | Reached XP level 4. HP: 37/37 MP: 4/4
  1337 | D:3      | Noticed an ogre
  1346 | D:3      | Slain by an ogre

Illustrated notes

Levels and vault maps discovered:
D:1:      lemuel_arrival_room, layout_basic, serial_shops, shop, shop,
          shapermc_ecumenical_altar_mp_vishouse, minmay_quantized
D:2:      layout_rooms
D:3:      layout_basic, uniq_jessica

Skill      XL: |  1  2  3 |
---------------+----------+-----
Axes           | 3 |  3.9
Fighting       | 4 |  4.2
Armour         | |  3.2
Shields        | |  4.0

Action                     |  1- 3 |  4- 6 || total
---------------------------+-------+-------++-------
  Melee: War axe           |    76 |    20 ||    96
    Use: Scroll            |     4 |       ||     4
         Potion            |       |     1 ||     1
 Armour: Scale mail        |    23 |       ||    23
         Chain mail        |    20 |     9 ||    29
  Dodge: Dodged            |    27 |    12 ||    39
  Block: Buckler           |    23 |     4 ||    27
